 Dungeon Crawl Stone Soup version 0.25-a0-804-g50c693f418 (webtiles) character file.

Game seed: 736084546374913710, levelgen mode: deterministic

54051 unvid the Lord of Darkness (level 14, -15/109 HPs)
             Began as a Demonspawn Gladiator on Apr 19, 2020.
             Was the Champion of Kikubaaqudgha.
             Demolished by Rupert
             ... wielding a +1 great mace of holy wrath
              (33 damage)
             ... on level 13 of the Dungeon.
             The game lasted 00:35:12 (23705 turns).

unvid the Lord of Darkness (Demonspawn Gladiator)  Turns: 23705, Time: 00:35:12

Health: -15/109    AC: 12    Str: 21    XL:     14   Next: 33%
Magic:  33/34      EV: 17    Int: 14    God:    Kikubaaqudgha [******]
Gold:   1547       SH:  6    Dex: 19    Spells: 5/28 levels left

rFire    + . .     SeeInvis .   b - +8 dagger "Yrghypnu" {flame, Str+5}
rCold    . . .     Gourm    .   o - +0 buckler
rNeg     . . .     Faith    .   y - +0 leather armour
rPois    .         Spirit   .   (helmet restricted)
rElec    .         Reflect  .   (no cloak)
rCorr    .         Harm     .   c - +0 pair of gloves
MR       +....                  J - +1 pair of boots of Action {MP+9 Dex+5}
Stlth    ++++......             (no amulet)
HPRegen  0.28/turn              U - +3 ring of protection
MPRegen  0.24/turn              z - ring of stealth

@: no status effects
A: antennae 2, iridescent scales 1, fire resistance 1, ignite blood, spiny 2,
flame cloud immunity
a: Receive Corpses, Torment, Brand Weapon With Pain, Receive Necronomicon,
Renounce Religion


You were on level 13 of the Dungeon.
You worshipped Kikubaaqudgha.
Kikubaaqudgha was exalted by your worship.
You were not hungry.

You visited 2 branches of the dungeon, and saw 19 of its levels.

You collected 1547 gold pieces.

Inventory:

Hand Weapons
 a - a +2 short sword of venom
 b - the +8 dagger "Yrghypnu" (weapon) {flame, Str+5}
   (You found it on level 4 of the Dungeon)

   It has been specially enchanted to burn those struck by it, causing extra
   injury to most foes and up to half again as much damage against particularly
   susceptible opponents.
   It affects your strength (+5).
Missiles
 v - 98 poisoned darts (quivered)
 F - 2 silver boomerangs
 N - a throwing net
Armour
 c - a +0 pair of gloves (worn)
 e - a +2 pair of boots of flying
 o - a +0 buckler (worn)
 y - a +0 leather armour (worn)
 J - the +1 pair of boots of Action (worn) {MP+9 Dex+5}
   (You found it on level 7 of the Dungeon)

   It affects your dexterity (+5).
   It affects your magic capacity (+9).
Jewellery
 w - an uncursed ring of flight
 x - a +5 ring of intelligence
 z - a ring of stealth (right hand)
 D - an uncursed ring of protection from cold
 Q - an uncursed ring of protection from cold
 U - a +3 ring of protection (left hand)
 W - an uncursed ring of wizardry
Wands
 n - a wand of paralysis (2)
 r - a wand of clouds (2)
 H - a wand of acid (15)
 I - a wand of random effects (27)
 P - a wand of iceblast (18)
 R - a wand of enslavement (10)
 S - a wand of flame (36)
 V - a wand of scattershot (9)
Scrolls
 d - 8 scrolls of teleportation
 h - 11 scrolls of remove curse
 i - a scroll of enchant armour
 j - 5 scrolls of enchant weapon
 l - 3 scrolls of fog
 m - 5 scrolls of blinking
 B - 4 scrolls of identify
 C - 3 scrolls of fear
 E - a scroll of amnesia
 M - a scroll of immolation
 X - a scroll of magic mapping
Potions
 g - 5 potions of might
 k - a potion of invisibility
 p - 3 potions of flight
 q - 5 potions of lignification
 s - 4 potions of haste
 t - 2 potions of brilliance
 u - 3 potions of stabbing
 A - 4 potions of mutation
 G - a potion of curing
 L - a potion of cancellation
 O - 4 potions of resistance
Miscellaneous
 K - a box of beasts
 Y - a tin of tremorstones
Comestibles
 f - 50 rations


   Skills:
 - Level 9.8 Fighting
 - Level 10.0 Short Blades
 - Level 1.7 Throwing
 + Level 6.3 Armour
 + Level 7.0 Dodging
 - Level 5.3 Stealth
 - Level 4.7 Shields
 - Level 7.8 Spellcasting
 - Level 12.3 Necromancy
 * Level 2.6 Ice Magic
 - Level 9.5 Evocations


You had 5 spell levels left.
You knew the following spells:

 Your Spells              Type           Power        Failure   Level  Hunger
a - Pain                  Necr           ####         1%          1    None
b - Corpse Rot            Necr/Air       N/A          1%          2    None
c - Vampiric Draining     Necr           #####.....   1%          3    ##.....
d - Animate Skeleton      Necr           N/A          1%          1    None
e - Dispel Undead         Necr           #####...     1%          4    ####...
f - Death Channel         Necr           #####.....   14%         6    #######
g - Simulacrum            Ice/Necr       ####......   71%         6    #######

Your spell library contained the following spells:

 Spells                   Type           Power        Failure   Level  Hunger
 Sublimation of Blood     Necr           #####.....   1%          2    None
 Agony                    Necr           #####...     2%          5    #####..
 Ensorcelled Hibernation  Hex/Ice        #.....       13%         2    None
 Apportation              Tloc           #.....       16%         1    None
 Beastly Appendage        Tmut           #.....       16%         1    None
 Corona                   Hex            #......      16%         1    None
 Summon Butterflies       Summ           #.......     16%         1    None
 Summon Small Mammal      Summ           #...         16%         1    None
 Call Imp                 Summ           #.......     22%         2    None
 Sticks to Snakes         Tmut           #.......     22%         2    None
 Excruciating Wounds      Chrm/Necr      ###.......   32%         5    #####..
 Call Canine Familiar     Summ           #.......     41%         3    ##.....
 Confusing Touch          Hex            #.......     41%         3    ##.....
 Dazzling Flash           Conj/Hex       #.....       41%         3    ##.....
 Lesser Beckoning         Tloc           #.........   41%         3    ##.....
 Spider Form              Tmut/Pois      #.........   41%         3    ##.....
 Summon Guardian Golem    Hex/Summ       #.......     41%         3    ##.....
 Tukima's Dance           Hex            #.......     41%         3    ##.....
 Ice Form                 Ice/Tmut       #.......     65%         4    ####...
 Summon Ice Beast         Ice/Summ       #.......     65%         4    ####...
 Leda's Liquefaction      Hex/Erth       #.........   83%         4    ####...
 Summon Lightning Spire   Summ/Air       #.......     83%         4    ####...
 Alistair's Intoxication  Tmut/Pois      #.......     99%         5    #####..
 Blade Hands              Tmut           #.........   99%         5    #####..
 Bolt of Magma            Conj/Fire/Erth #.........   99%         5    #####..
 Invisibility             Hex            #.......     100%        6    #######
 Iron Shot                Conj/Erth      #.........   100%        6    #######
 Statue Form              Tmut/Erth      #........    100%        6    #######
 Shatter                  Erth           #.........   100%        9    #######


Dungeon Overview and Level Annotations

Branches:
Dungeon (13/15)            Temple (0/1) D:5            Lair (6/6) D:9
  Swamp (0/4) Lair:2       Spider (0/4) Lair:4        Slime (0/5) Lair:6
    Orc (0/2) D:10
 Vaults: D:13-14

Altars:
Ashenzari
Cheibriados
Kikubaaqudgha
Makhleb
Nemelex Xobeh
Qazlal
Ru
Trog
Wu Jian
Yredelemnul
Zin

Shops:
D:12 (

Annotations:
D:11 3 runed translucent doors, Error4North's ghost, journeyman HOFi
D:13 Rupert
Lair:3 exclusion: oklob plant


Innate Abilities, Weirdness & Mutations

You have a pair of antennae on your head.
You are partially covered in iridescent scales. (AC +2)
Your flesh is heat resistant. (rF+)
Your demonic aura causes spilled blood to erupt in flames.
You are mostly covered in sharp spines.
You are immune to clouds of flame.


Message History

Rupert is engulfed in dark miasma.
Rupert looks as sick as possible!
Rupert seems to slow down.
You hit Rupert. You burn Rupert.
Rupert is heavily wounded.
Rupert is engulfed in blazing flames.
Rupert is struck by your spines.
Rupert hits you with a +1 great mace of holy wrath!!
You convulse!!
* * * LOW HITPOINT WARNING * * *
Unknown command.
Rupert is engulfed in blazing flames.
Rupert rages.
Rupert is no longer moving slowly.
Rupert is struck by your spines.
Rupert hits you with a +1 great mace of holy wrath.
* * * LOW HITPOINT WARNING * * *
You convulse.
* * * LOW HITPOINT WARNING * * *
Rupert hits you with a +1 great mace of holy wrath!!
You die...
Kikubaaqudgha rasps: "You have failed me!
Welcome... death!"

....>...##.# #.# #..........
........##.# #.# #..........
........##.# #.# #..........
........##.# #.# #..........
........##.# #.# #..........
$.......##.# #.# #..........
..........##.# #.# #..........
..........##.###.####..........
..........##.@@......[.........
..........##...........#.......
..........##......##...#.......
..........##......##...#.......
..........##......##...#.......
#......##......##...#..##..#
#.###........(.##...#..# ..#
#..##......##...#..# ..#
#..##......##...#..# ..#


You could see Rupert (berserk).

Vanquished Creatures
  Azrael (D:12)
  Erolcha (D:9)
  7 hydras
  4 two-headed ogres
  An unseen horror (D:13)
  2 cyclopes
  8 elephants
  Maurice (D:9)
  A torpor snail (Lair:3)
  7 black mambas
  A centaur skeleton (D:11)
  A centaur zombie (D:13)
  7 spiny frogs
  9 rime drakes
  A kobold demonologist (D:12)
  7 komodo dragons
  2 jumping spiders (Lair:4)
  A wind drake (Lair:6)
  5 trolls
  6 polar bears
  2 queen bees
  Prince Ribbit (D:5)
  2 hornets (Lair:6)
  15 blink frogs
  2 bog bodies (Lair:2)
  14 hippogriffs
  3 redbacks (Lair:4)
  29 yaks
  A vampire (D:11)
  8 wyverns
  4 fire elementals
  2 wraiths (D:11)
  A basilisk (Lair:4)
  2 hungry ghosts
  3 hell hounds
  Duvessa (D:6)
  9 porcupines
  12 water moccasins
  6 orc warriors
  An eye of draining (D:11)
  3 ice beasts
  7 sky beasts
  7 ogres
  A necrophage (D:9)
  A phantom (D:8)
  6 centaurs
  8 wolves
  16 crocodiles
  14 bullfrogs
  A wyvern zombie (D:11)
  Dowan (D:6)
  A wyvern skeleton (D:9)
  54 killer bees
  2 scorpions
  6 wights
  2 howler monkeys
  An electric eel (Lair:6)
  5 crimson imps
  2 bullfrog zombies
  4 jellies
  3 quasits
  5 hounds
  9 orc priests
  Jessica (D:3)
  4 iguanas
  Natasha (thrice) (D:2)
  10 orc wizards
  5 worker ants
  3 hound skeletons
  3 worker ant zombies
  2 howler monkey skeletons
  11 adders
  3 gnolls (D:4)
  3 oozes
  4 worms
  5 leopard geckos
  34 orcs
  3 giant cockroaches
  2 gnoll zombies (D:8)
  4 hobgoblins
  15 jackals
  2 quokkas
  2 ball pythons
  7 bats
  6 frilled lizards
  4 goblins (D:1)
  5 kobolds
  3 quokka skeletons
  5 rats
  2 bushes
  3 fungi
  3 plants
507 creatures vanquished.

Vanquished Creatures (collateral kills)
  A merfolk avatar (Lair:6)
  A sea snake (Lair:6)
  4 elephants
  A spiny frog (Lair:6)
  A gargoyle (D:11)
  2 rime drakes
  A komodo dragon (Lair:6)
  A jumping spider (Lair:4)
  A polar bear (Lair:6)
  A porcupine (Lair:3)
  An electric eel (Lair:6)
  A jelly (Lair:6)
  An ooze (Lair:6)
  A fungus (Lair:4)
18 creatures vanquished.

Vanquished Creatures (others)
  A crocodile (Lair:6)
  9 fungi
  14 plants
24 creatures vanquished.

Grand Total: 549 creatures vanquished

Notes
Turn   | Place    | Note
-------+----------+-------------------------------------------
     0 | D:1      | unvid the Demonspawn Gladiator began the quest for the Orb.
     0 | D:1      | Reached XP level 1. HP: 16/16 MP: 1/1
   216 | D:1      | Gained mutation: Your flesh is heat resistant. (rF+)
                  | [demonic ancestry]
   216 | D:1      | Reached XP level 2. HP: 22/22 MP: 2/2
   872 | D:2      | Found a sparkling altar of Nemelex Xobeh.
   904 | D:2      | Found a glowing silver altar of Zin.
   904 | D:2      | Found a stormy altar of Qazlal.
   911 | D:2      | Found an ancient bone altar of Kikubaaqudgha.
   913 | D:2      | Found a sacrificial altar of Ru.
   915 | D:2      | Found a bloodstained altar of Trog.
   930 | D:2      | Became a worshipper of Kikubaaqudgha
  1006 | D:2      | Reached XP level 3. HP: 12/27 MP: 3/3
  1029 | D:2      | Reached skill level 1 in Stealth
  1396 | D:2      | Found a faded altar of an unknown god.
  1399 | D:2      | Noticed Natasha
  1410 | D:2      | Killed Natasha
  1410 | D:2      | Gained mutation: You are immune to clouds of flame.
                  | [demonic ancestry]
  1410 | D:2      | Reached XP level 4. HP: 33/33 MP: 4/4
  1463 | D:3      | Noticed Jessica
  1475 | D:3      | Killed Jessica
  1475 | D:3      | Reached skill level 1 in Shields
  2149 | D:2      | Noticed Natasha
  2158 | D:2      | Killed Natasha
  2228 | D:2      | Noticed Natasha
  2245 | D:2      | Killed Natasha
  2245 | D:2      | Reached XP level 5. HP: 29/38 MP: 5/5
  2775 | D:4      | Reached * piety under Kikubaaqudgha
  2775 | D:4      | Identified Kikubaaqudgha's Disquisition on Sinister Magic
                  | (Kikubaaqudgha gifted it to you on level 4 of the Dungeon)
  2775 | D:4      | Received a gift from Kikubaaqudgha
  2780 | D:4      | Learned a level 1 spell: Pain
  2783 | D:4      | Learned a level 2 spell: Corpse Rot
  2999 | D:4      | Noticed an ogre
  3017 | D:4      | Killed an ogre
  3017 | D:4      | Reached skill level 5 in Short Blades
  3017 | D:4      | Gained mutation: You are partially covered in sharp spines.
                  | [demonic ancestry]
  3017 | D:4      | Reached XP level 6. HP: 44/44 MP: 6/6
  3143 | D:4      | Got a crystal dagger
  3144 | D:4      | Identified the +8 dagger "Yrghypnu" {flame, Str+5} (You
                  | found it on level 4 of the Dungeon)
  3604 | D:5      | Entered Level 5 of the Dungeon
  3862 | D:5      | Gained mutation: You have a pair of small antennae on your
                  | head. [demonic ancestry]
  3862 | D:5      | Reached XP level 7. HP: 43/50 MP: 7/7
  3989 | D:5      | Reached ** piety under Kikubaaqudgha
  3998 | D:5      | Noticed Prince Ribbit
  4065 | D:5      | Killed Prince Ribbit
  4304 | D:5      | Found a staircase to the Ecumenical Temple.
  4539 | D:6      | Noticed Dowan
  4552 | D:6      | Gained mutation: You are partially covered in iridescent
                  | scales. (AC +2) [demonic ancestry]
  4552 | D:6      | Reached XP level 8. HP: 55/56 MP: 8/8
  4809 | D:6      | Noticed Duvessa
  4818 | D:6      | Killed Duvessa
  4827 | D:6      | Killed Dowan
  4827 | D:6      | Reached skill level 5 in Stealth
  5167 | D:6      | Found a burning altar of Makhleb.
  5308 | D:6      | Noticed a hippogriff
  5318 | D:6      | Killed a hippogriff
  5745 | D:6      | Learned a level 3 spell: Vampiric Draining
  5792 | D:7      | Reached skill level 1 in Necromancy
  5800 | D:7      | Got a pair of ichor-stained boots
  5811 | D:7      | Identified the +1 pair of boots of Action {MP+9 Dex+5} (You
                  | found it on level 7 of the Dungeon)
  5929 | D:7      | Reached skill level 2 in Necromancy
  5937 | D:7      | Reached XP level 9. HP: 30/61 MP: 9/9
  6156 | D:7      | Reached skill level 3 in Necromancy
  6349 | D:7      | Found a basalt altar of Yredelemnul.
  6391 | D:7      | Found an ornate altar of the Wu Jian Council.
  6518 | D:8      | Reached skill level 4 in Necromancy
  6549 | D:8      | Reached *** piety under Kikubaaqudgha
  6549 | D:8      | Identified Kikubaaqudgha's Catalogue of Unholy Arts
                  | (Kikubaaqudgha gifted it to you on level 8 of the Dungeon)
  6549 | D:8      | Received a gift from Kikubaaqudgha
  6638 | D:8      | Reached skill level 5 in Necromancy
  7159 | D:8      | Reached skill level 6 in Necromancy
  7321 | D:8      | Noticed a two-headed ogre
  7342 | D:8      | Killed a two-headed ogre
  7342 | D:8      | Reached skill level 7 in Necromancy
  7350 | D:8      | Gained mutation: Your demonic aura causes spilled blood to
                  | erupt in flames. [demonic ancestry]
  7350 | D:8      | Reached XP level 10. HP: 67/67 MP: 10/10
  7424 | D:8      | Reached skill level 8 in Necromancy
  7465 | D:8      | Found a basalt altar of Yredelemnul.
  7844 | D:9      | Found a staircase to the Lair.
  7844 | D:9      | Noticed Maurice
  7850 | D:9      | Noticed Erolcha
  7856 | D:9      | Reached skill level 9 in Necromancy
  7864 | D:9      | Paralysed by Maurice for 3 turns
  7869 | D:9      | HP: 1/67 [porcupine (7)]
  8204 | D:9      | Found a shattered altar of Ashenzari.
  8259 | D:9      | Paralysed by Maurice for 2 turns
  8262 | D:9      | Killed Erolcha
  8262 | D:9      | Reached skill level 10 in Short Blades
  8269 | D:9      | Killed Maurice
  8392 | D:9      | Reached **** piety under Kikubaaqudgha
  8779 | D:9      | Reached skill level 1 in Spellcasting
  8791 | D:9      | Gained mutation: You have a pair of antennae on your head.
                  | [demonic ancestry]
  8791 | D:9      | Reached XP level 11. HP: 64/78 MP: 14/14
  9194 | D:9      | Reached skill level 5 in Fighting
  9266 | D:9      | Found a snail-covered altar of Cheibriados.
  9399 | D:9      | Noticed a two-headed ogre
  9410 | D:9      | Killed a two-headed ogre
  9830 | Lair:1   | Entered Level 1 of the Lair of Beasts
  9911 | Lair:1   | Reached skill level 10 in Necromancy
  9911 | Lair:1   | Reached skill level 5 in Evocations
  9966 | Lair:1   | Noticed a six-headed hydra
 10609 | Lair:1   | You fall into a shaft and drop 1 floor!
 10719 | Lair:1   | Killed a six-headed hydra
 11133 | Lair:1   | Reached ***** piety under Kikubaaqudgha
 12110 | Lair:2   | Learned a level 1 spell: Animate Skeleton
 12115 | Lair:2   | Learned a level 4 spell: Dispel Undead
 12135 | Lair:2   | Found a staircase to the Swamp.
 12504 | Lair:2   | Reached skill level 5 in Spellcasting
 12507 | Lair:2   | Reached XP level 12. HP: 81/91 MP: 19/19
 13473 | Lair:3   | Got a translucent jade ring
 13541 | Lair:3   | Noticed an eight-headed hydra
 13761 | Lair:3   | Killed an eight-headed hydra
 14679 | Lair:3   | Noticed a five-headed hydra
 14686 | Lair:3   | Killed a five-headed hydra
 15760 | Lair:4   | Noticed a seven-headed hydra
 15788 | Lair:4   | Killed a seven-headed hydra
 15910 | Lair:4   | Gained mutation: You are mostly covered in sharp spines.
                  | [demonic ancestry]
 15910 | Lair:4   | Reached XP level 13. HP: 65/101 MP: 24/24
 16208 | Lair:4   | Found a hole to the Spider Nest.
 16788 | Lair:4   | Identified the ring of Acvosub {*Tele Str+5} (You found it
                  | on level 3 of the Lair of Beasts)
 16836 | Lair:4   | Reached skill level 1 in Armour
 17961 | Lair:6   | Entered Level 6 of the Lair of Beasts
 18096 | Lair:6   | Reached skill level 11 in Necromancy
 18436 | Lair:6   | Found a staircase to the Slime Pits.
 18499 | Lair:6   | Reached ****** piety under Kikubaaqudgha
 18694 | Lair:6   | Reached skill level 5 in Dodging
 19760 | D:10     | Entered Level 10 of the Dungeon
 19767 | D:10     | Reached skill level 5 in Armour
 20063 | D:10     | Found a staircase to the Orcish Mines.
 20146 | D:10     | Learned a level 6 spell: Death Channel
 20153 | D:10     | Learned a level 6 spell: Simulacrum
 20463 | D:11     | HP: 2/103 [gargoyle/stone arrow (11)]
 20791 | D:11     | Reached XP level 14. HP: 105/109 MP: 25/25
 20837 | D:11     | Reached skill level 12 in Necromancy
 21113 | D:11     | Found a runed translucent gate.
 21114 | D:11     | Found a runed translucent gate.
 21115 | D:11     | Found a runed translucent gate.
 21117 | D:11     | Noticed Error4North's ghost (journeyman HOFi)
 22449 | D:12     | Reached skill level 1 in Ice Magic
 22591 | D:12     | Found Ahulutiu's Antique Weapon Emporium.
 22719 | D:13     | Noticed Azrael
 22924 | D:12     | Killed Azrael
 23678 | D:13     | Noticed Rupert
 23705 | D:13     | Demolished by Rupert

Levels and vault maps discovered:
D:1:      dpeg_arrival_simpleton_b, layout_loops_cross
D:2:      layout_loops_ring, nemelex_xobeh_ov_fountains_minmay,
          chequers_temple_overflow_minitemple,
          chequers_ecumenical_altar_simple_redux, minivault_23, uniq_natasha
D:3:      layout_rooms, uniq_jessica
D:4:      layout_basic, first_ration, abandoned_shop, minmay_strange_pillars,
          minmay_misc_feat_five
D:5:      layout_rooms, minmay_temple_entry_trees, uniq_prince_ribbit1
D:6:      layout_loops_corners, kennysheep_mini_moat, uniq_duvessa
D:7:      layout_rooms, kennysheep_mini, basic_altar, solitary_fountain
D:8:      cheibrodos_barr_body, layout_rooms, lemuel_zombie_altar_yredelemnul
D:9:      layout_irregular_city, nicolae_overflow_crystal_walls,
          lemuel_coloured_pillars_altar, minmay_lair_entry_grove,
          david_nohive_1, uniq_maurice, uniq_erolcha
D:10:     layout_basic
D:11:     layout_roguey, gammafunk_ghost_nasty_kobolds,
          kennysheep_cluttered_room
D:12:     layout_loops_corners, serial_shops, nicolae_shop_trees
D:13:     layout_long_grid, minmay_misc_feat_columns, uniq_azrael, uniq_urug,
          uniq_rupert
Lair:1:   layout_small_grid, special_room [special_room_bee], serial_forest,
          infiniplex_forest_end_1, infiniplex_forest_straight_2,
          infiniplex_forest_lined_room_, infiniplex_forest_corner_1,
          infiniplex_forest_straight_4, infiniplex_forest_pool,
          infiniplex_forest_lined_corner, infiniplex_forest_lined_corner
Lair:2:   layout_chaotic_city, skrybe_swamp_entry_bodies
Lair:3:   layout_concentric_octagons, chequers_serial_rivers_room_b,
          minmay_lair_oklob_chamber, grunt_megastairs_2
Lair:4:   layout_hall_layers, nicolae_spider_entry_tight_spaces, special_room
          [special_room_mythical_zoo]
Lair:5:   layout_roguey
Lair:6:   gammafunk_lair_ancient_temple, layout_gridlike,
          nicolae_slime_entry_slimehenge

Skill      XL: |  1  2  3  4  5  6  7  8  9 10 11 12 13 14 |
---------------+-------------------------------------------+-----
Short Blades   | 3 4 5 6 8 9 10 | 10.0
Stealth        | 1 2 3 4 5 |  5.3
Shields        | 1 2 3 4 |  4.7
Necromancy     | 2 7 9 10 11 12 | 12.3
Evocations     | 4 6 9 |  9.5
Fighting       | 4 7 9 |  9.8
Spellcasting   | 1 5 7 |  7.8
Dodging        | 6 7 |  7.0
Armour         | 5 6 |  6.3
Ice Magic      | 2 |  2.6
Throwing       | |  1.7

Action                   |  1- 3 |  4- 6 |  7- 9 | 10-12 | 13-15 || total
-------------------------+-------+-------+-------+-------+-------++-------
Melee: Rapier            |   121 |   114 |       |       |       ||   235
       Dagger            |       |    33 |   219 |   537 |   602 ||  1391
Throw: Throwing net      |     4 |     1 |     1 |       |       ||     6
       Stone             |       |    13 |    47 |     5 |       ||    65
       Dart              |       |       |       |    13 |       ||    13
 Cast: Corpse Rot        |       |       |     1 |     1 |     1 ||     3
       Vampiric Draining |       |       |       |     6 |       ||     6
       Dispel Undead     |       |       |       |     3 |     1 ||     4
       Animate Skeleton  |       |       |       |    10 |    33 ||    43
       Pain              |       |       |       |       |     2 ||     2
       Death Channel     |       |       |       |       |     1 ||     1
Invok: Receive Corpses   |       |       |       |       |     2 ||     2
Evoke: Wand              |       |       |     3 |    19 |     8 ||    30
  Use: Scroll            |       |       |       |    19 |    10 ||    29
       Potion            |       |       |       |     4 |     7 ||    11
 Stab: Sleeping          |     2 |     4 |     3 |    12 |    14 ||    35
       Held in net/web   |     2 |       |       |       |       ||     2
       Distracted        |       |       |     2 |       |     3 ||     5
       Paralysed         |       |       |       |     4 |     4 ||     8
  Eat: Chunk             |     2 |     8 |    10 |    23 |    24 ||    67
       Ration            |       |       |       |     1 |     2 ||     3
Armor: Leather armour    |    38 |    38 |    30 |    70 |   121 ||   297
Dodge: Dodged            |    69 |    81 |    68 |   162 |   243 ||   623
Block: Buckler           |     3 |    32 |    38 |   106 |    91 ||   270

Table legend:
 A = Non-vault XP
 B = Vault XP
 C = Vault XP percentage of total XP
 D = Non-vault monster count
 E = Vault monster count
 F = Vault count percentage of total count
                 A         B        C        D         E       F
            +---------+---------+-------+---------+---------+-------
      Total |   50990 |   26226 |  34.0 |     377 |     139 |  26.9
            +---------+---------+-------+---------+---------+-------
        D:1 |      34 |       0 |   0.0 |      20 |       0 |   0.0
        D:2 |     110 |      35 |  24.1 |      19 |       1 |   5.0
        D:3 |      10 |      37 |  78.7 |       5 |       1 |  16.7
        D:4 |     334 |       0 |   0.0 |      18 |       0 |   0.0
        D:5 |     406 |     283 |  41.1 |      18 |       1 |   5.3
        D:6 |    1005 |     232 |  18.8 |      25 |       2 |   7.4
        D:7 |     550 |       0 |   0.0 |      12 |       0 |   0.0
        D:8 |    2627 |     628 |  19.3 |      29 |      13 |  31.0
        D:9 |    2527 |    4374 |  63.4 |      21 |      28 |  57.1
       D:10 |    2202 |       0 |   0.0 |      23 |       0 |   0.0
       D:11 |    5101 |       0 |   0.0 |      42 |       0 |   0.0
       D:12 |    5279 |    2092 |  28.4 |      34 |       5 |  12.8
       D:13 |    1583 |     481 |  23.3 |       6 |       3 |  33.3
     Lair:1 |    1971 |    1809 |  47.9 |       7 |      25 |  78.1
     Lair:2 |    5263 |     527 |   9.1 |      22 |       2 |   8.3
     Lair:3 |    7371 |    1789 |  19.5 |      26 |       5 |  16.1
     Lair:4 |    7059 |    5822 |  45.2 |      20 |      26 |  56.5
     Lair:5 |    1628 |       0 |   0.0 |       7 |       0 |   0.0
     Lair:6 |    5930 |    8117 |  57.8 |      23 |      27 |  54.0
            +---------+---------+-------+---------+---------+-------
